Admirals vs Wolves

Created - Sunday, March 01, 2015 at 22:55

Goals
1 2 3 OT1 T
Admirals 0 0 0 0 0
Wolves 0 0 0 1 1
Shots
1 2 3 OT1 T
Admirals 3 9 11 0 23
Wolves 8 4 8 2 22

1st period

No Goal

Penalties :
Farm Player11 (NOR) for Slashing (Minor) at 11:40, Nathan McIver (NOR) for Holding (Minor) at 16:55

2nd period

No Goal

Penalties :
Cade Fairchild (NOR) for Slashing (Minor) at 11:39

3rd period

No Goal

Penalties :
Scott Ford (NOR) for Holding Stick (Minor) at 3:36

Overtime #1

1. Wolves , Yannick Weber 42 (Scott Glennie, Scott Wedgewood) at 4:58

Penalties :
No Penalty

Goalie Stats

Brad Thiessen (NOR), 21 saves from 22 shots - (0.955), OTL, 25-12-8, 64:58 minutes
Scott Wedgewood (CHI), 23 saves from 23 shots - (1.000), W, 21-10-9, 64:58 minutes

Players Stats for Admirals

Player Name              G  A  P  +/- PIM S  H  SB GA TA FO     MP     PP MP  PK MP  
------------------------------------------------------------------------------------
Brayden Irwin            0  0  0   0  0   0  0  0  0  0  0/0     0:00   0:00   0:00 
Bryan Rodney             0  0  0   0  0   0  1  3  0  0  0/0    26:50   0:00   5:12 
Cade Fairchild           0  0  0   0  2   0  1  1  0  0  0/0    27:12   0:00   4:21 
Carter Ashton            0  0  0   0  0   2  1  0  2  1  1/1    10:57   0:00   0:00 
Carter Camper            0  0  0   0  0   2  1  0  1  2  4/4    15:06   0:00   0:00 
Farm Player11            0  0  0   0  2   0  0  0  0  0  0/0    18:20   0:00   1:30 
Farm Player2             0  0  0   0  0   2  1  1  0  0  1/3    18:37   0:00   2:43 
Jean-Gabriel Pageau      0  0  0   0  0   3  3  0  4  0  3/4    15:52   0:00   0:00 
Jerry D'Amigo            0  0  0   0  0   5  2  0  1  0  0/0    16:55   0:00   0:00 
Joey Crabb               0  0  0  -1  0   0  3  2  1  0  2/5    22:12   0:00   3:25 
Jonathan Marchessault    0  0  0  -1  0   1  1  1  3  0  1/1    21:55   0:00   4:34 
Keith Aucoin             0  0  0   0  0   0  1  0  0  5  3/6    16:08   0:00   1:47 
Mike Sislo               0  0  0   0  0   3  0  0  0  0  0/0     5:04   0:00   0:00 
Mike Zigomanis           0  0  0   0  0   4  3  0  1  2  1/2    20:25   0:00   2:45 
Nathan McIver            0  0  0  -1  2   0  1  1  0  0  0/0    22:03   0:00   1:48 
Ryan Bourque             0  0  0   0  0   1  0  0  2  1  0/0    12:48   0:00   0:55 
Scott Ford               0  0  0  -1  2   0  0  1  0  3  0/0    24:57   0:00   2:44 
Sven Andrighetto         0  0  0   0  0   0  1  1  2  1  0/0    16:31   0:00   0:00 

Players Stats for Wolves

Player Name              G  A  P  +/- PIM S  H  SB GA TA FO     MP     PP MP  PK MP  
------------------------------------------------------------------------------------
Aaron Volpatti           0  0  0   1  0   4  0  1  2  1  2/7    19:38   3:04   0:00 
Ben Hanowski             0  0  0   0  0   0  0  0  0  0  0/0     2:04   1:57   0:00 
Cedric Paquette          0  0  0   0  0   1  3  0  2  0  2/5    16:33   0:42   0:00 
Chris Terry              0  0  0   0  0   3  0  1  2  1  1/2    22:43   2:35   0:00 
Christian Hanson         0  0  0   0  0   0  0  0  0  0  0/0     1:25   0:42   0:00 
Corbin McPherson         0  0  0   1  0   1  0  1  1  2  0/0    23:55   2:51   0:00 
Dane Byers               0  0  0   0  0   0  4  0  1  0  0/1    15:20   0:00   0:00 
Daniel Carcillo          0  0  0   0  0   0  5  0  6  0  0/0    18:39   4:32   0:00 
Farm Player1             0  0  0   1  0   0  1  0  0  0  0/0    14:45   2:19   0:00 
Jared Boll               0  0  0   0  0   0  2  1  1  0  1/2    18:20   2:48   0:00 
Jordan Schroeder         0  0  0   0  0   3  1  1  4  0  4/7    20:10   3:08   0:00 
Kent Huskins             0  0  0   0  0   2  4  1  0  0  0/0    26:21   4:30   0:00 
Landon Ferraro           0  0  0   0  0   0  1  0  1  1  0/2    15:20   0:00   0:00 
Michael Caruso           0  0  0   0  0   1  0  0  0  0  0/0    19:30   0:02   0:00 
Ryane Clowe              0  0  0   0  0   1  2  0  1  1  0/0    17:08   0:00   0:00 
Scott Glennie            0  1  1   0  0   2  1  0  1  0  0/0    18:06   4:06   0:00 
Yann Sauve               0  0  0   0  0   1  1  1  0  0  0/0    24:33   3:55   0:00 
Yannick Weber            1  0  1   1  0   3  0  2  3  3  0/0    25:22   2:29   0:00 

3 Stars

1 - Scott Wedgewood (CHI)
2 - Brad Thiessen (NOR)
3 - Yannick Weber (CHI)

Power Play

Admirals - 0 on 0 Attempt(s) - 0.00%
Wolves - 0 on 4 Attempt(s) - 0.00%

Penalty Kill

Admirals - 4 on 4 Attempt(s) - 100.00% - Score 0 goal in Penalty Kill
Wolves - 0 on 0 Attempt(s) - 0.00% - Score 0 goal in Penalty Kill

Team Stat

Admirals - Hits : 20 - Faceoff Wins : 16 - Blocked Shots : 11 - Penalty Minutes : 8
Wolves - Hits : 25 - Faceoff Wins : 10 - Blocked Shots : 9 - Penalty Minutes : 0

Official

Referees : Unknown
Linesman : Unknown

Game Notes

No Game Note

Finance

Level 1 -- Attendance: 1529 (76.45%) -- Ticket Income $53,515
Level 2 -- Attendance: 779 (77.90%) -- Ticket Income $11,685
Total Attendance: 2308 (76.93%)
Total Ticket Income: $65,200
Other Income: $31,948
Total Income: $97,148

Admirals

5 vs 5 Forward 
   Center                   Left Wing                Right Wing               Time % Phy DF OF 
 1 Keith Aucoin             Jonathan Marchessault    Joey Crabb               35     1   2  2  
 2 Mike Zigomanis           Jerry D'Amigo            Sven Andrighetto         30     1   2  2  
 3 Jean-Gabriel Pageau      Joey Crabb               Carter Ashton            22     1   2  2  
 4 Carter Camper            Ryan Bourque             Joey Crabb               13     1   2  2  

5 vs 5 Defense 
   Defense                  Defense                                           Time % Phy DF OF 
 1 Bryan Rodney             Cade Fairchild                                    35     1   2  2  
 2 Scott Ford               Nathan McIver                                     30     1   2  2  
 3 Farm Player2             Farm Player11                                     22     1   2  2  
 4 Bryan Rodney             Cade Fairchild                                    13     1   2  2  

PowerPlay Forward 
   Center                   Left Wing                Right Wing               Time % Phy DF OF 
 1 Keith Aucoin             Jonathan Marchessault    Joey Crabb               60     1   2  2  
 2 Mike Zigomanis           Jerry D'Amigo            Sven Andrighetto         40     1   2  2  

PowerPlay Defense
   Defense                  Defense                                           Time % Phy DF OF 
 1 Bryan Rodney             Cade Fairchild                                    60     1   2  2  
 2 Scott Ford               Nathan McIver                                     40     1   2  2  

Penalty Kill 4 Players Forward 
   Center                   Wing                     Time % Phy DF OF 
 1 Joey Crabb               Jonathan Marchessault    60     1   2  2  
 2 Keith Aucoin             Mike Zigomanis           40     1   2  2  

Penalty Kill 4 Players Defense
   Defense                  Defense                  Time % Phy DF OF 
 1 Bryan Rodney             Cade Fairchild           60     1   2  2  
 2 Scott Ford               Nathan McIver            40     1   2  2  

Penalty Kill - 3 Players Forward 
   Forward                                           Time % Phy DF OF 
 1 Joey Crabb                                        60     1   2  2  
 2 Jonathan Marchessault                             40     1   2  2  

Penalty Kill - 3 Players Defense
   Defense                  Defense                  Time % Phy DF OF 
 1 Bryan Rodney             Cade Fairchild           60     1   2  2  
 2 Scott Ford               Nathan McIver            40     1   2  2  

4 vs 4 Forward 
   Center                   Wing                     Time % Phy DF OF 
 1 Joey Crabb               Jonathan Marchessault    60     1   2  2  
 2 Keith Aucoin             Mike Zigomanis           40     1   2  2  

4 vs 4 Defense
   Defense                  Defense                  Time % Phy DF OF 
 1 Bryan Rodney             Cade Fairchild           60     1   2  2  
 2 Scott Ford               Nathan McIver            40     1   2  2  

Last Minutes Offensive
   Center                   Left Wing                Right Wing               Defense                  Defense                  
   Keith Aucoin             Jonathan Marchessault    Joey Crabb               Bryan Rodney             Cade Fairchild           

Last Minutes Defensive
   Center                   Left Wing                Right Wing               Defense                  Defense                  
   Keith Aucoin             Jonathan Marchessault    Joey Crabb               Bryan Rodney             Cade Fairchild           

Goaltenders
Starting : Brad Thiessen            
Backup : David LeNeveu            

Extra Forwards
Normal : Jean-Gabriel Pageau, Carter Camper, Joey Crabb - PP : Jean-Gabriel Pageau, Carter Camper - PK : Joey Crabb
Extra Defensemen
Normal : Farm Player2, Farm Player11, Scott Ford - PP : Farm Player2 - PK : Farm Player11, Scott Ford
Penalty Shots
Joey Crabb, Jonathan Marchessault, Keith Aucoin, Mike Zigomanis, Jean-Gabriel Pageau

Wolves

5 vs 5 Forward 
   Center                   Left Wing                Right Wing               Time % Phy DF OF 
 1 Jordan Schroeder         Ryane Clowe              Jared Boll               35     1   2  2  
 2 Aaron Volpatti           Chris Terry              Daniel Carcillo          30     1   2  2  
 3 Cedric Paquette          Aaron Volpatti           Scott Glennie            22     1   2  2  
 4 Landon Ferraro           Dane Byers               Chris Terry              13     1   2  2  

5 vs 5 Defense 
   Defense                  Defense                                           Time % Phy DF OF 
 1 Yann Sauve               Kent Huskins                                      35     1   2  2  
 2 Yannick Weber            Corbin McPherson                                  30     1   2  2  
 3 Yann Sauve               Michael Caruso                                    22     1   2  2  
 4 Yannick Weber            Kent Huskins                                      13     1   2  2  

PowerPlay Forward 
   Center                   Left Wing                Right Wing               Time % Phy DF OF 
 1 Jordan Schroeder         Aaron Volpatti           Jared Boll               60     1   2  2  
 2 Scott Glennie            Chris Terry              Daniel Carcillo          40     1   2  2  

PowerPlay Defense
   Defense                  Defense                                           Time % Phy DF OF 
 1 Yann Sauve               Kent Huskins                                      60     1   2  2  
 2 Yannick Weber            Corbin McPherson                                  40     1   2  2  

Penalty Kill 4 Players Forward 
   Center                   Wing                     Time % Phy DF OF 
 1 Ryane Clowe              Chris Terry              60     1   2  2  
 2 Jordan Schroeder         Jared Boll               40     1   2  2  

Penalty Kill 4 Players Defense
   Defense                  Defense                  Time % Phy DF OF 
 1 Yann Sauve               Kent Huskins             60     1   2  2  
 2 Yannick Weber            Corbin McPherson         40     1   2  2  

Penalty Kill - 3 Players Forward 
   Forward                                           Time % Phy DF OF 
 1 Jared Boll                                        60     1   2  2  
 2 Chris Terry                                       40     1   2  2  

Penalty Kill - 3 Players Defense
   Defense                  Defense                  Time % Phy DF OF 
 1 Yann Sauve               Kent Huskins             60     1   2  2  
 2 Yannick Weber            Corbin McPherson         40     1   2  2  

4 vs 4 Forward 
   Center                   Wing                     Time % Phy DF OF 
 1 Daniel Carcillo          Chris Terry              60     1   2  2  
 2 Jordan Schroeder         Jared Boll               40     1   2  2  

4 vs 4 Defense
   Defense                  Defense                  Time % Phy DF OF 
 1 Michael Caruso           Kent Huskins             60     1   2  2  
 2 Yannick Weber            Corbin McPherson         40     1   2  2  

Last Minutes Offensive
   Center                   Left Wing                Right Wing               Defense                  Defense                  
   Jordan Schroeder         Ryane Clowe              Jared Boll               Yannick Weber            Kent Huskins             

Last Minutes Defensive
   Center                   Left Wing                Right Wing               Defense                  Defense                  
   Jordan Schroeder         Ryane Clowe              Jared Boll               Yannick Weber            Kent Huskins             

Goaltenders
Starting : Scott Wedgewood          
Backup : Farm Player93            

Extra Forwards
Normal : Aaron Volpatti, Scott Glennie, Cedric Paquette - PP : Aaron Volpatti, Scott Glennie - PK : Cedric Paquette
Extra Defensemen
Normal : Yann Sauve, Michael Caruso, Yannick Weber - PP : Yann Sauve - PK : Michael Caruso, Yannick Weber
Penalty Shots
Aaron Volpatti, Chris Terry, Jordan Schroeder, Jared Boll, Daniel Carcillo

% Time on Ice - Admirals

Lines # - Real PCT - Wanted PCT - Time Play
Normal Forward
1 - 30% - 35% - 15:22
2 - 32% - 30% - 16:31
3 - 21% - 22% - 10:57
4 - 18% - 13% - 9:14
Normal Defense
1 - 35% - 35% - 18:06
2 - 33% - 30% - 17:21
3 - 24% - 22% - 12:40
4 - 8% - 13% - 3:57
PP Forward
1 - 0% - 60%
2 - 0% - 40%
PP Defense
1 - 0% - 60%
2 - 0% - 40%
PK Forward
1 - 78% - 60% - 6:09
2 - 22% - 40% - 1:47
PK Defense
1 - 73% - 60% - 5:47
2 - 27% - 40% - 2:09
PK3 Forward
1 - 0% - 60%
2 - 0% - 40%
PK3 Defense
1 - 0% - 60%
2 - 0% - 40%
44 Forward
1 - 82% - 60% - 4:05
2 - 18% - 40% - 0:53
44 Defense
1 - 59% - 60% - 2:57
2 - 41% - 40% - 2:01
Last Minute Offensive  - 0:00
Last Minute Defensive  - 0:00
Total
Forward - 64:58
Defense - 64:58

% Time on Ice - Wolves

Lines # - Real PCT - Wanted PCT - Time Play
Normal Forward
1 - 34% - 35% - 17:54
2 - 15% - 30% - 7:36
3 - 22% - 22% - 11:14
4 - 29% - 13% - 15:20
Normal Defense
1 - 29% - 35% - 15:17
2 - 35% - 30% - 18:29
3 - 26% - 22% - 13:18
4 - 10% - 13% - 5:00
PP Forward
1 - 39% - 60% - 3:08
2 - 61% - 40% - 4:48
PP Defense
1 - 69% - 60% - 5:27
2 - 31% - 40% - 2:29
PK Forward
1 - 0% - 60%
2 - 0% - 40%
PK Defense
1 - 0% - 60%
2 - 0% - 40%
PK3 Forward
1 - 0% - 60%
2 - 0% - 40%
PK3 Defense
1 - 0% - 60%
2 - 0% - 40%
44 Forward
1 - 87% - 60% - 4:20
2 - 13% - 40% - 0:38
44 Defense
1 - 53% - 60% - 2:39
2 - 47% - 40% - 2:19
Last Minute Offensive  - 0:00
Last Minute Defensive  - 0:00
Total
Forward - 64:58
Defense - 64:58

Play by Play

1st period


0:01 of 1st period - Jordan Schroeder wins face-off versus Keith Aucoin in neutral zone.
0:14 of 1st period - Wrist shot by Ryane Clowe.
0:14 of 1st period - Shot Misses the Net.
0:16 of 1st period - Slapshot by Yann Sauve.
0:16 of 1st period - Shot Blocked by Joey Crabb.
0:18 of 1st period - Wrist shot by Jordan Schroeder.
0:18 of 1st period - Stopped by Brad Thiessen with a rebound.
0:20 of 1st period - Slapshot by Ryane Clowe.
0:20 of 1st period - Shot Misses the Net.
0:32 of 1st period - Wrist shot by Jonathan Marchessault.
0:32 of 1st period - Shot Misses the Net.
1:06 of 1st period - Chris Terry is hit by Jerry D'Amigo and loses puck.
1:13 of 1st period - Bryan Rodney is hit by Daniel Carcillo and loses puck.
1:49 of 1st period - Yann Sauve is hit by Jean-Gabriel Pageau and loses puck.
2:19 of 1st period - Jean-Gabriel Pageau is hit by Dane Byers and loses puck.
2:44 of 1st period - Wrist shot by Joey Crabb.
2:44 of 1st period - Shot Misses the Net.
2:46 of 1st period - Snap shot by Ryan Bourque.
2:46 of 1st period - Shot Misses the Net.
2:56 of 1st period - Carter Camper is hit by Kent Huskins and loses puck.
3:52 of 1st period - Wrist shot by Aaron Volpatti.
3:52 of 1st period - Stopped by Brad Thiessen with a rebound.
3:54 of 1st period - Slapshot by Scott Glennie.
3:54 of 1st period - Stopped by Brad Thiessen with a rebound.
4:00 of 1st period - Slapshot by Scott Glennie.
4:00 of 1st period - Shot Misses the Net.
4:17 of 1st period - Icing by Scott Glennie.
4:18 of 1st period - Carter Camper wins face-off versus Cedric Paquette in Wolves zone.
4:21 of 1st period - Wrist shot by Joey Crabb.
4:21 of 1st period - Shot Blocked by Aaron Volpatti.
4:23 of 1st period - Wrist shot by Ryan Bourque.
4:23 of 1st period - Stopped by Scott Wedgewood with a rebound.
5:43 of 1st period - Jerry D'Amigo is hit by Landon Ferraro and loses puck.
6:24 of 1st period - Snap shot by Carter Camper.
6:24 of 1st period - Shot Misses the Net.
10:08 of 1st period - Scott Glennie is hit by Carter Ashton and loses puck.
10:17 of 1st period - Slapshot by Aaron Volpatti.
10:17 of 1st period - Stopped by Brad Thiessen with a rebound.
10:19 of 1st period - Slapshot by Yannick Weber.
10:19 of 1st period - Stopped by Brad Thiessen with a rebound.
11:28 of 1st period - Slapshot by Yannick Weber.
11:28 of 1st period - Deflect By Scott Glennie.
11:28 of 1st period - Shot Misses the Net.
11:28 of 1st period - Puck is out of play.
11:29 of 1st period - Carter Camper wins face-off versus Landon Ferraro in Admirals zone.
11:29 of 1st period - Carter Camper is hit by Dane Byers.
11:40 of 1st period - Minor Penalty to Farm Player11 for Slashing.
11:41 of 1st period - Joey Crabb wins face-off versus Chris Terry in Admirals zone.
11:47 of 1st period - Wrist shot by Jonathan Marchessault.
11:47 of 1st period - Shot Blocked by Corbin McPherson.
12:15 of 1st period - Scott Glennie is hit by Jonathan Marchessault and loses puck.
12:23 of 1st period - Joey Crabb is hit by Daniel Carcillo and loses puck.
12:56 of 1st period - Christian Hanson is hit by Farm Player2 and loses puck.
13:04 of 1st period - Off-side.
13:05 of 1st period - Cedric Paquette wins face-off versus Keith Aucoin in neutral zone.
13:08 of 1st period - Mike Zigomanis is hit by Cedric Paquette and loses puck.
13:25 of 1st period - Jonathan Marchessault is hit by Cedric Paquette and loses puck.
13:40 of 1st period - Penalty to Farm Player11 is over, Farm Player11 is back on ice.
13:42 of 1st period - Wrist shot by Daniel Carcillo.
13:42 of 1st period - Shot Misses the Net.
13:44 of 1st period - Snap shot by Scott Glennie.
13:44 of 1st period - Stopped by Brad Thiessen with a rebound.
13:46 of 1st period - Wrist shot by Daniel Carcillo.
13:46 of 1st period - Shot Misses the Net.
15:01 of 1st period - Wrist shot by Aaron Volpatti.
15:01 of 1st period - Stopped by Brad Thiessen without a rebound.
15:02 of 1st period - Carter Ashton wins face-off versus Cedric Paquette in Admirals zone.
15:23 of 1st period - Wrist shot by Jean-Gabriel Pageau.
15:23 of 1st period - Stopped by Scott Wedgewood with a rebound.
16:05 of 1st period - Snap shot by Carter Camper.
16:05 of 1st period - Deflect By Landon Ferraro.
16:05 of 1st period - Stopped by Scott Wedgewood with a rebound.
16:07 of 1st period - Snap shot by Joey Crabb.
16:07 of 1st period - Shot Blocked by Yannick Weber.
16:12 of 1st period - Icing by Yannick Weber.
16:13 of 1st period - Carter Camper wins face-off versus Landon Ferraro in Wolves zone.
16:14 of 1st period - Slapshot by Joey Crabb.
16:14 of 1st period - Shot Misses the Net.
16:55 of 1st period - Minor Penalty to Nathan McIver for Holding.
16:56 of 1st period - Joey Crabb wins face-off versus Aaron Volpatti in Admirals zone.
17:14 of 1st period - Slapshot by Aaron Volpatti.
17:14 of 1st period - Shot Misses the Net.
18:26 of 1st period - Scott Glennie is hit by Keith Aucoin and loses puck.
18:44 of 1st period - Icing by Jordan Schroeder.
18:45 of 1st period - Aaron Volpatti wins face-off versus Joey Crabb in Wolves zone.
18:55 of 1st period - Penalty to Nathan McIver is over, Nathan McIver is back on ice.
19:29 of 1st period - Snap shot by Yannick Weber.
19:29 of 1st period - Stopped by Brad Thiessen with a rebound.
19:48 of 1st period - Mike Zigomanis is hit by Cedric Paquette and loses puck.
Goals for this period are 0 for Admirals vs 0 for Wolves.
Shots for this period are 3 for Admirals vs 8 for Wolves.

2nd period


0:01 of 2nd period - Keith Aucoin wins face-off versus Aaron Volpatti in neutral zone.
0:31 of 2nd period - Icing by Cade Fairchild.
0:32 of 2nd period - Keith Aucoin wins face-off versus Jordan Schroeder in Admirals zone.
1:39 of 2nd period - Wrist shot by Jerry D'Amigo.
1:39 of 2nd period - Stopped by Scott Wedgewood with a rebound.
3:15 of 2nd period - Slapshot by Carter Camper.
3:15 of 2nd period - Stopped by Scott Wedgewood with a rebound.
4:09 of 2nd period - Snap shot by Chris Terry.
4:09 of 2nd period - Shot Misses the Net.
4:11 of 2nd period - Wrist shot by Landon Ferraro.
4:11 of 2nd period - Shot Misses the Net.
4:13 of 2nd period - Snap shot by Chris Terry.
4:13 of 2nd period - Stopped by Brad Thiessen with a rebound.
4:31 of 2nd period - Wrist shot by Jerry D'Amigo.
4:31 of 2nd period - Stopped by Scott Wedgewood with a rebound.
4:33 of 2nd period - Snap shot by Scott Ford.
4:33 of 2nd period - Shot Blocked by Jordan Schroeder.
4:41 of 2nd period - Slapshot by Jerry D'Amigo.
4:41 of 2nd period - Shot Misses the Net.
4:43 of 2nd period - Wrist shot by Jerry D'Amigo.
4:43 of 2nd period - Shot Blocked by Yann Sauve.
5:27 of 2nd period - Kent Huskins is hit by Jerry D'Amigo and loses puck.
5:47 of 2nd period - Corbin McPherson is hit by Mike Zigomanis and loses puck.
6:36 of 2nd period - Carter Camper is hit by Ryane Clowe and loses puck.
6:43 of 2nd period - Ryane Clowe is hit by Joey Crabb and loses puck.
7:08 of 2nd period - Aaron Volpatti is hit by Nathan McIver and loses puck.
9:01 of 2nd period - Wrist shot by Jonathan Marchessault.
9:01 of 2nd period - Shot Blocked by Jared Boll.
9:39 of 2nd period - Sven Andrighetto is hit by Scott Glennie and loses puck.
9:58 of 2nd period - Cedric Paquette is hit by Joey Crabb and loses puck.
10:23 of 2nd period - Carter Camper is hit by Jordan Schroeder and loses puck.
10:46 of 2nd period - Scott Ford is hit by Dane Byers and loses puck.
11:25 of 2nd period - Wrist shot by Mike Zigomanis.
11:25 of 2nd period - Stopped by Scott Wedgewood with a rebound.
11:39 of 2nd period - Minor Penalty to Cade Fairchild for Slashing.
11:40 of 2nd period - Jordan Schroeder wins face-off versus Joey Crabb in Admirals zone.
12:41 of 2nd period - Slapshot by Jordan Schroeder.
12:41 of 2nd period - Stopped by Brad Thiessen without a rebound.
12:42 of 2nd period - Farm Player2 wins face-off versus Jared Boll in Admirals zone.
13:39 of 2nd period - Penalty to Cade Fairchild is over, Cade Fairchild is back on ice.
15:01 of 2nd period - Slapshot by Jerry D'Amigo.
15:01 of 2nd period - Stopped by Scott Wedgewood with a rebound.
15:05 of 2nd period - Wrist shot by Jerry D'Amigo.
15:05 of 2nd period - Shot Misses the Net.
15:07 of 2nd period - Slapshot by Sven Andrighetto.
15:07 of 2nd period - Shot Blocked by Chris Terry.
15:55 of 2nd period - Wrist shot by Cedric Paquette.
15:55 of 2nd period - Shot Misses the Net.
15:57 of 2nd period - Wrist shot by Jared Boll.
15:57 of 2nd period - Shot Misses the Net.
15:59 of 2nd period - Slapshot by Yann Sauve.
15:59 of 2nd period - Stopped by Brad Thiessen with a rebound.
16:01 of 2nd period - Snap shot by Cedric Paquette.
16:01 of 2nd period - Shot Misses the Net.
16:23 of 2nd period - Snap shot by Jerry D'Amigo.
16:23 of 2nd period - Stopped by Scott Wedgewood with a rebound.
16:43 of 2nd period - Yannick Weber is hit by Cade Fairchild and loses puck.
16:48 of 2nd period - Snap shot by Jean-Gabriel Pageau.
16:48 of 2nd period - Shot Misses the Net.
17:16 of 2nd period - Ryane Clowe is hit by Jean-Gabriel Pageau and loses puck.
17:35 of 2nd period - Off-side.
17:36 of 2nd period - Cedric Paquette wins face-off versus Mike Zigomanis in neutral zone.
17:53 of 2nd period - Snap shot by Cedric Paquette.
17:53 of 2nd period - Stopped by Brad Thiessen with a rebound.
19:03 of 2nd period - Slapshot by Jean-Gabriel Pageau.
19:03 of 2nd period - Stopped by Scott Wedgewood with a rebound.
19:09 of 2nd period - Snap shot by Jean-Gabriel Pageau.
19:09 of 2nd period - Stopped by Scott Wedgewood with a rebound.
19:11 of 2nd period - Snap shot by Jean-Gabriel Pageau.
19:11 of 2nd period - Shot Misses the Net.
19:13 of 2nd period - Snap shot by Jean-Gabriel Pageau.
19:13 of 2nd period - Deflect By Carter Ashton.
19:13 of 2nd period - Stopped by Scott Wedgewood with a rebound.
Goals for this period are 0 for Admirals vs 0 for Wolves.
Shots for this period are 9 for Admirals vs 4 for Wolves.

3rd period


0:01 of 3rd period - Keith Aucoin wins face-off versus Aaron Volpatti in neutral zone.
1:01 of 3rd period - Yann Sauve is hit by Mike Zigomanis and loses puck.
1:08 of 3rd period - Slapshot by Mike Zigomanis.
1:08 of 3rd period - Stopped by Scott Wedgewood with a rebound.
1:14 of 3rd period - Slapshot by Mike Zigomanis.
1:14 of 3rd period - Stopped by Scott Wedgewood with a rebound.
1:16 of 3rd period - Backhand shot by Sven Andrighetto.
1:16 of 3rd period - Shot Misses the Net.
1:18 of 3rd period - Slapshot by Jerry D'Amigo.
1:18 of 3rd period - Shot Blocked by Kent Huskins.
1:20 of 3rd period - Snap shot by Sven Andrighetto.
1:20 of 3rd period - Shot Misses the Net.
1:22 of 3rd period - Slapshot by Jerry D'Amigo.
1:22 of 3rd period - Stopped by Scott Wedgewood without a rebound.
1:23 of 3rd period - Jean-Gabriel Pageau wins face-off versus Cedric Paquette in Wolves zone.
2:02 of 3rd period - Landon Ferraro is hit by Mike Zigomanis and loses puck.
2:11 of 3rd period - Snap shot by Jerry D'Amigo.
2:11 of 3rd period - Shot Misses the Net.
2:24 of 3rd period - Snap shot by Chris Terry.
2:24 of 3rd period - Stopped by Brad Thiessen without a rebound.
2:25 of 3rd period - Jared Boll wins face-off versus Keith Aucoin in Admirals zone.
2:34 of 3rd period - Snap shot by Jordan Schroeder.
2:34 of 3rd period - Shot Blocked by Joey Crabb.
3:03 of 3rd period - Icing by Scott Ford.
3:04 of 3rd period - Carter Camper wins face-off versus Aaron Volpatti in Admirals zone.
3:04 of 3rd period - Carter Camper is hit by Daniel Carcillo.
3:36 of 3rd period - Minor Penalty to Scott Ford for Holding Stick.
3:37 of 3rd period - Jordan Schroeder wins face-off versus Farm Player2 in Admirals zone.
3:38 of 3rd period - Wrist shot by Aaron Volpatti.
3:38 of 3rd period - Shot Misses the Net.
3:40 of 3rd period - Slapshot by Yann Sauve.
3:40 of 3rd period - Shot Blocked by Farm Player2.
3:49 of 3rd period - Slapshot by Yann Sauve.
3:49 of 3rd period - Deflect By Jordan Schroeder.
3:49 of 3rd period - Shot Blocked by Bryan Rodney.
3:49 of 3rd period - Puck is out of play.
3:50 of 3rd period - Jordan Schroeder wins face-off versus Farm Player2 in Admirals zone.
4:19 of 3rd period - Jonathan Marchessault is hit by Daniel Carcillo and loses puck.
4:42 of 3rd period - Slapshot by Chris Terry.
4:42 of 3rd period - Shot Misses the Net.
4:44 of 3rd period - Backhand shot by Yannick Weber.
4:44 of 3rd period - Shot Blocked by Cade Fairchild.
5:06 of 3rd period - Wrist shot by Aaron Volpatti.
5:06 of 3rd period - Shot Misses the Net.
5:16 of 3rd period - Mike Zigomanis is hit by Yann Sauve.
5:36 of 3rd period - Penalty to Scott Ford is over, Scott Ford is back on ice.
5:47 of 3rd period - Snap shot by Jordan Schroeder.
5:47 of 3rd period - Shot Misses the Net.
5:49 of 3rd period - Slapshot by Yannick Weber.
5:49 of 3rd period - Shot Misses the Net.
5:51 of 3rd period - Snap shot by Aaron Volpatti.
5:51 of 3rd period - Shot Blocked by Scott Ford.
6:37 of 3rd period - Jared Boll is hit by Sven Andrighetto and loses puck.
6:46 of 3rd period - Wrist shot by Mike Zigomanis.
6:46 of 3rd period - Stopped by Scott Wedgewood with a rebound.
8:35 of 3rd period - Snap shot by Chris Terry.
8:35 of 3rd period - Stopped by Brad Thiessen with a rebound.
8:55 of 3rd period - Snap shot by Cedric Paquette.
8:55 of 3rd period - Shot Misses the Net.
8:57 of 3rd period - Wrist shot by Farm Player1.
8:57 of 3rd period - Shot Misses the Net.
9:15 of 3rd period - Slapshot by Jonathan Marchessault.
9:15 of 3rd period - Shot Misses the Net.
9:17 of 3rd period - Snap shot by Jonathan Marchessault.
9:17 of 3rd period - Stopped by Scott Wedgewood with a rebound.
9:19 of 3rd period - Wrist shot by Jonathan Marchessault.
9:19 of 3rd period - Deflect By Mike Sislo.
9:19 of 3rd period - Stopped by Scott Wedgewood with a rebound.
9:21 of 3rd period - Snap shot by Mike Sislo.
9:21 of 3rd period - Shot Misses the Net.
9:23 of 3rd period - Slapshot by Farm Player2.
9:23 of 3rd period - Stopped by Scott Wedgewood without a rebound.
9:24 of 3rd period - Jonathan Marchessault wins face-off versus Dane Byers in Wolves zone.
9:33 of 3rd period - Snap shot by Mike Sislo.
9:33 of 3rd period - Stopped by Scott Wedgewood with a rebound.
9:35 of 3rd period - Snap shot by Mike Sislo.
9:35 of 3rd period - Stopped by Scott Wedgewood with a rebound.
9:53 of 3rd period - Dane Byers is hit by Carter Camper and loses puck.
10:24 of 3rd period - Michael Caruso is hit by Jean-Gabriel Pageau and loses puck.
10:47 of 3rd period - Wrist shot by Ryane Clowe.
10:47 of 3rd period - Stopped by Brad Thiessen with a rebound.
10:49 of 3rd period - Slapshot by Kent Huskins.
10:49 of 3rd period - Stopped by Brad Thiessen with a rebound.
10:51 of 3rd period - Slapshot by Kent Huskins.
10:51 of 3rd period - Stopped by Brad Thiessen with a rebound.
10:53 of 3rd period - Wrist shot by Jordan Schroeder.
10:53 of 3rd period - Shot Blocked by Jonathan Marchessault.
10:55 of 3rd period - Wrist shot by Jordan Schroeder.
10:55 of 3rd period - Stopped by Brad Thiessen without a rebound.
10:56 of 3rd period - Mike Zigomanis wins face-off versus Jordan Schroeder in Admirals zone.
11:24 of 3rd period - Snap shot by Cedric Paquette.
11:24 of 3rd period - Shot Blocked by Sven Andrighetto.
11:28 of 3rd period - Snap shot by Cedric Paquette.
11:28 of 3rd period - Shot Blocked by Nathan McIver.
11:50 of 3rd period - Bryan Rodney is hit by Jared Boll and loses puck.
12:11 of 3rd period - Wrist shot by Daniel Carcillo.
12:11 of 3rd period - Shot Blocked by Bryan Rodney.
12:13 of 3rd period - Slapshot by Corbin McPherson.
12:13 of 3rd period - Stopped by Brad Thiessen with a rebound.
12:55 of 3rd period - Scott Ford is hit by Kent Huskins and loses puck.
13:18 of 3rd period - Slapshot by Daniel Carcillo.
13:18 of 3rd period - Deflect By Aaron Volpatti.
13:18 of 3rd period - Stopped by Brad Thiessen with a rebound.
14:26 of 3rd period - Icing by Corbin McPherson.
14:27 of 3rd period - Jean-Gabriel Pageau wins face-off versus Jordan Schroeder in Wolves zone.
14:28 of 3rd period - Wrist shot by Carter Ashton.
14:28 of 3rd period - Stopped by Scott Wedgewood with a rebound.
14:46 of 3rd period - Cade Fairchild is hit by Jared Boll and loses puck.
15:01 of 3rd period - Jonathan Marchessault is hit by Farm Player1 and loses puck.
15:08 of 3rd period - Jonathan Marchessault is hit by Daniel Carcillo and loses puck.
16:07 of 3rd period - Ryan Bourque is hit by Dane Byers and loses puck.
16:27 of 3rd period - Slapshot by Scott Glennie.
16:27 of 3rd period - Shot Misses the Net.
17:09 of 3rd period - Sven Andrighetto is hit by Ryane Clowe and loses puck.
17:14 of 3rd period - Slapshot by Ryane Clowe.
17:14 of 3rd period - Shot Misses the Net.
17:16 of 3rd period - Slapshot by Yannick Weber.
17:16 of 3rd period - Shot Misses the Net.
18:31 of 3rd period - Slapshot by Mike Zigomanis.
18:31 of 3rd period - Shot Misses the Net.
18:33 of 3rd period - Snap shot by Farm Player2.
18:33 of 3rd period - Stopped by Scott Wedgewood with a rebound.
19:16 of 3rd period - Slapshot by Yannick Weber.
19:16 of 3rd period - Shot Hit the Post.
Goals for this period are 0 for Admirals vs 0 for Wolves.
Shots for this period are 11 for Admirals vs 8 for Wolves.

Overtime #1


0:01 of 1st overtime period - Chris Terry wins face-off versus Joey Crabb in neutral zone.
1:23 of 1st overtime period - Corbin McPherson is hit by Joey Crabb and loses puck.
2:21 of 1st overtime period - Jonathan Marchessault is hit by Kent Huskins and loses puck.
2:32 of 1st overtime period - Wrist shot by Jared Boll.
2:32 of 1st overtime period - Shot Misses the Net.
2:34 of 1st overtime period - Slapshot by Michael Caruso.
2:34 of 1st overtime period - Shot Blocked by Bryan Rodney.
2:36 of 1st overtime period - Backhand shot by Kent Huskins.
2:36 of 1st overtime period - Shot Misses the Net.
2:38 of 1st overtime period - Slapshot by Michael Caruso.
2:38 of 1st overtime period - Stopped by Brad Thiessen with a rebound.
2:40 of 1st overtime period - Slapshot by Jordan Schroeder.
2:40 of 1st overtime period - Deflect By Jared Boll.
2:40 of 1st overtime period - Shot Misses the Net.
2:40 of 1st overtime period - Puck is out of play.
2:41 of 1st overtime period - Aaron Volpatti wins face-off versus Jean-Gabriel Pageau in Admirals zone.
2:44 of 1st overtime period - Backhand shot by Scott Glennie.
2:44 of 1st overtime period - Shot Misses the Net.
2:52 of 1st overtime period - Wrist shot by Carter Camper.
2:52 of 1st overtime period - Shot Misses the Net.
2:54 of 1st overtime period - Wrist shot by Jean-Gabriel Pageau.
2:54 of 1st overtime period - Deflect By Carter Camper.
2:54 of 1st overtime period - Shot Blocked by Yannick Weber.
2:54 of 1st overtime period - Puck is out of play.
2:55 of 1st overtime period - Jean-Gabriel Pageau wins face-off versus Aaron Volpatti in Wolves zone.
3:54 of 1st overtime period - Kent Huskins is hit by Bryan Rodney and loses puck.
4:37 of 1st overtime period - Jean-Gabriel Pageau is hit by Kent Huskins and loses puck.
4:58 of 1st overtime period - Wrist shot by Yannick Weber.
4:58 of 1st overtime period - Goal by Yannick Weber - Admirals : 0 - Wolves : 1.
Goals for this period are 0 for Admirals vs 1 for Wolves.
Shots for this period are 0 for Admirals vs 2 for Wolves.


Output by the SimonT Hockey Simulator (STHS) for Eric Dolegowski -- Original Page W3C XHTML 1.0 Valid
Hockey Simulator - Hockey Simulation - Hockey Manager